 Dungeon Crawl Stone Soup version 0.23.2-40-g277498a (webtiles) character file.

Game seed: 14936131527061446670

1512 CrazyJ the Caller (level 8, -5/59 HPs)
             Began as a Red Draconian Summoner on Sept 15, 2019.
             Was a Follower of Hepliaklqana.
             Slain by a hornet (7 damage)
             ... while paralysed by a hornet
             ... on level 7 of the Dungeon.
             The game lasted 00:37:50 (7250 turns).

CrazyJ the Caller (Red Draconian Summoner)          Turns: 7250, Time: 00:37:50

Health: -5/59      AC: 12    Str: 11    XL:     8   Next: 53%
Magic:  9/14       EV:  2    Int: 17    God:    Hepliaklqana [*.....]
Gold:   230        SH:  0    Dex: 12    Spells: 2/15 levels left

rFire    . . .     SeeInvis .   j - +0 spear
rCold    + . .     Gourm    .   (no shield)
rNeg     . . .     Faith    .   (armour unavailable)
rPois    .         Spirit   .   (helmet restricted)
rElec    .         Reflect  .   s - +0 cloak
rCorr    .         Harm     .   o - +2 pair of gloves
MR       .....                  q - +0 pair of boots
Stlth    ++........             (no amulet)
HPRegen  0.19/turn              e - ring of ice
MPRegen  0.14/turn              t - +1 ring of protection

@: paralysed, lethally poisoned (-5 -> -13), slowed
A: breathe fire, unfitting armour, reduced essence, fire resistance 1,
cold-blooded, AC +6
a: Breathe Fire, Recall Ancestor, Ancestor Identity, Renounce Religion


You were on level 7 of the Dungeon.
You worshipped Hepliaklqana.
Hepliaklqana was aware of your devotion.
You were not hungry.

You visited 2 branches of the dungeon, and saw 8 of its levels.

You collected 230 gold pieces.

Inventory:

Hand Weapons
 h - a +0 war axe of venom
 j - a +0 spear (weapon)
 n - a +1 dagger of speed
 p - a +0 hunting sling
Missiles
 f - 176 stones (quivered)
 l - 29 poisoned needles
Armour
 o - a +2 pair of gloves (worn)
 q - a +0 pair of boots (worn)
 s - a +0 cloak (worn)
Jewellery
 e - a ring of ice (left hand)
 t - a +1 ring of protection (right hand)
Wands
 g - a wand of enslavement (4)
Scrolls
 a - 2 scrolls of fog {unknown}
 d - 9 scrolls of identify {unknown}
 i - 3 scrolls of remove curse
Potions
 c - a potion of berserk rage {unknown}
 k - 3 potions of curing
 m - 2 potions of flight {unknown}
Comestibles
 b - 14 rations
 r - 3 chunks of flesh


   Skills:
 + Level 3.9 Fighting
 + Level 3.3 Polearms
 + Level 3.9 Dodging
 - Level 1.7 Stealth
 + Level 4.1 Spellcasting
 + Level 2.2 Hexes
 * Level 7.1 Summonings
 * Level 2.5 Ice Magic


You had 2 spell levels left.
You knew the following spells:

 Your Spells              Type           Power        Failure   Level  Hunger
a - Summon Small Mammal   Summ           ####         1%          1    None
b - Call Imp              Summ           ####....     1%          2    ##.....
c - Call Canine Familiar  Summ           ####....     2%          3    ###....
d - Summon Guardian Gole  Hex/Summ       ###.....     7%          3    ###....
e - Summon Ice Beast      Ice/Summ       ####....     22%         4    ####...

Your spell library contained the following spells:

 Spells                   Type           Power        Failure   Level  Hunger
 Confusing Touch          Hex            ##....       6%          1    None
 Animate Skeleton         Necr           N/A          16%         1    None
 Apportation              Tloc           #.....       16%         1    None
 Summon Lightning Spire   Summ/Air       ###.....     34%         4    ####...


Dungeon Overview and Level Annotations

Branches:
Dungeon (7/15)             Temple (1/1) D:5

Altars:
Cheibriados
Dithmenos
Elyvilon
Fedhas
Gozag
Hepliaklqana
Kikubaaqudgha
Makhleb
Nemelex Xobeh
Qazlal
Ru
Sif Muna
Trog
Uskayaw
Vehumet
Wu Jian
Yredelemnul
Zin
The Shining One

Shops:
D:7 }


Innate Abilities, Weirdness & Mutations

You can breathe blasts of fire.
Your fiery red scales are hard. (AC +6)
You cannot fit into any form of body armour.
Your flesh is heat resistant. (rF+)
You are cold-blooded and may be slowed by cold attacks.
Your life essence is reduced to manifest your ancestor. (-10% HP)


Message History

You feel sick. The hornet stings you.
You feel as though you will be slow longer.
The hornet stings you!
* * * LOW HITPOINT WARNING * * *
You feel as though you will be slow longer.
Sunngifu barely misses the hornet.
Okay, then.
You feel sick. The hornet stings you.
* * * LOW HITPOINT WARNING * * *
You suddenly lose the ability to move!
Sunngifu barely misses the hornet.
The hornet stings you!
* * * LOW HITPOINT WARNING * * *
You feel as though you will be slow longer.
* * * LOW HITPOINT WARNING * * *
You feel sick.
The hornet stings you but does no damage.
Sunngifu misses the hornet.
* * * LOW HITPOINT WARNING * * *
You feel sick. The hornet stings you!
You die...

# #.# # #.# # #># #
#.# #.###### #.#
#....... #.# ######..
#.###############.....
#..Ry@8...........##.#
#.##################.#
#.. #.# #.## #.# #.#
..# #.# .## #.# # #.#


You could see the friendly Sunngifu the ancestor, a hornet and a friendly
guardian golem.

Vanquished Creatures
  A water moccasin (D:6)
  A centaur (D:5)
  A bullfrog (D:2)
  A scorpion (D:7)
  2 howler monkeys
  A crimson imp (D:5)
  2 hounds
  2 orc priests
  An orc wizard (D:5)
  A bullfrog skeleton (D:4)
  A worker ant (D:4)
  A hound skeleton (D:4)
  3 adders
  An adder skeleton (D:5)
  2 dart slugs
  A worm (D:3)
  2 leopard geckos
  7 orcs
  3 giant cockroaches
  5 goblins
  6 hobgoblins
  13 jackals
  2 quokkas
  3 bats
  2 frilled lizards
  8 kobolds
  A quokka skeleton (D:6)
  8 rats
82 creatures vanquished.

Vanquished Creatures (collateral kills)
  An ice beast (D:6)
  3 sky beasts (D:6)
  A black bear (D:7)
  A phantom (D:6)
  2 bullfrogs (D:6)
  A howler monkey (D:3)
  A crimson imp (D:4)
  A quasit (D:5)
  A bullfrog skeleton (D:4)
  A jelly (D:5)
  A hound (D:5)
  5 orc priests
  2 centaur skeletons
  A worker ant (D:4)
  2 orc wizards
  Robin (D:3)
  3 gnolls (D:6)
  4 adders
  2 oozes
  8 orcs
  A ball python (D:3)
  2 giant cockroaches
  10 goblins
  4 hobgoblins
  5 jackals
  A kobold (D:1)
  A quokka (D:6)
  2 bats
  2 frilled lizards
  3 rats
73 creatures vanquished.

Grand Total: 155 creatures vanquished

Notes
Turn   | Place    | Note
-------+----------+-------------------------------------------
     0 | D:1      | CrazyJ the Draconian Summoner began the quest for the Orb.
     0 | D:1      | Reached XP level 1. HP: 14/14 MP: 3/3
   514 | D:1      | Reached XP level 2. HP: 20/20 MP: 1/5
   940 | D:2      | Learned a level 2 spell: Call Imp
  1042 | D:2      | Reached XP level 3. HP: 13/27 MP: 3/6
  1078 | D:2      | Reached skill level 1 in Fighting
  1115 | D:2      | Learned a level 3 spell: Call Canine Familiar
  1599 | D:2      | Noticed a bullfrog
  1606 | D:2      | Killed a bullfrog
  1606 | D:2      | Reached skill level 5 in Summonings
  1606 | D:2      | Reached XP level 4. HP: 7/36 MP: 6/8
  2339 | D:3      | Reached XP level 5. HP: 41/41 MP: 5/9
  2419 | D:3      | Reached skill level 1 in Polearms
  2502 | D:3      | Learned a level 3 spell: Summon Guardian Golem
  2728 | D:3      | Found a stormy altar of Qazlal.
  3191 | D:3      | Noticed Robin
  3218 | D:3      | Killed Robin
  3533 | D:4      | Found a white marble altar of Elyvilon.
  3534 | D:4      | Found a glowing silver altar of Zin.
  3536 | D:4      | Found a glowing golden altar of the Shining One.
  3608 | D:4      | Reached XP level 6. HP: 32/48 MP: 6/10
  4736 | D:5      | Entered Level 5 of the Dungeon
  5140 | D:5      | Reached skill level 6 in Summonings
  5141 | D:5      | Your scales start taking on a fiery red colour.
  5141 | D:5      | Reached XP level 7. HP: 12/56 MP: 4/12
  5141 | D:5      | Gained mutation: Your flesh is heat resistant. (rF+) [Red
                  | Draconian growth]
  5554 | D:5      | Found a blossoming altar of Fedhas.
  5590 | D:5      | Found a bloodstained altar of Trog.
  5591 | D:5      | Found a hazy altar of Hepliaklqana.
  5591 | D:5      | Found a sacrificial altar of Ru.
  5591 | D:5      | Found an ornate altar of the Wu Jian Council.
  5592 | D:5      | Found an opulent altar of Gozag.
  5592 | D:5      | Found a deep blue altar of Sif Muna.
  5593 | D:5      | Found a basalt altar of Yredelemnul.
  5627 | D:5      | Became a worshipper of Hepliaklqana the Forgotten
  5674 | D:5      | Found a staircase to the Ecumenical Temple.
  5684 | Temple   | Entered the Ecumenical Temple
  5813 | D:5      | Learned a level 4 spell: Summon Ice Beast
  5859 | D:6      | Reached skill level 1 in Hexes
  5988 | D:6      | Found a sparkling altar of Nemelex Xobeh.
  6080 | D:6      | Reached skill level 1 in Ice Magic
  6134 | D:6      | Reached XP level 8. HP: 52/56 MP: 9/13
  6639 | D:6      | Reached skill level 7 in Summonings
  7037 | D:7      | Found Rahiehoh's Gadget Shop.
  7108 | D:7      | Reached * piety under Hepliaklqana
  7241 | D:7      | Noticed a hornet
  7248 | D:7      | Paralysed by a hornet for 3 turns
  7250 | D:7      | HP: 2/59 [poisoned by a hornet]
  7250 | D:7      | Slain by a hornet

Skill      XL: |  1  2  3  4  5  6  7  8 |
---------------+-------------------------+-----
Dodging        | 2 3 |  3.9
Fighting       | 1 2 3 |  3.9
Summonings     | 5 6 7 |  7.1
Polearms       | 1 2 3 |  3.3
Spellcasting   | 3 4 |  4.1
Hexes          | 1 2 |  2.2
Ice Magic      | 1 2 |  2.5
Stealth        | |  1.7

Action                   |  1- 3 |  4- 6 |  7- 9 || total
-------------------------+-------+-------+-------++-------
Melee: Unarmed           |    24 |       |       ||    24
       Whip              |    57 |       |       ||    57
       Tailslap          |    17 |    20 |    11 ||    48
       War axe           |    41 |       |       ||    41
       Spear             |       |   225 |   144 ||   369
 Cast: Summon Small Mamm |     7 |       |       ||     7
       Call Imp          |     5 |    19 |     7 ||    31
       Call Canine Famil |     1 |    26 |    12 ||    39
       Summon Guardian G |       |     1 |     7 ||     8
 Abil: Breathe Fire      |       |       |     1 ||     1
  Use: Scroll            |       |     2 |     2 ||     4
       Potion            |       |     1 |     2 ||     3
 Stab: Sleeping          |     1 |     3 |     1 ||     5
       Distracted        |       |     2 |     2 ||     4
       Invisible         |       |       |     4 ||     4
  Eat: Chunk             |     3 |    12 |     5 ||    20
       Ration            |       |     1 |     1 ||     2
Armor: Skin              |    45 |    96 |    33 ||   174
Dodge: Dodged            |   107 |   204 |    57 ||   368
